AoeStats
← sebase76

Arena

510306669Analyzed
1v1 RM · 1d ago on Sep 30, 2026· 97m 58s· 2 players
Game mode
Random Map
Map size
Tiny (2 player)
Population
200
Speed
Normal
Resources
Standard
Victory
Conquest
Starting age
Dark Age
Ending age
Imperial Age
RankedLock teamsTeams togetherTeam positionsShared explorationLock speedFull tech treeHidden civsTurbo modeCheats
Victory
Defeat
🇪🇨 Goths · Ecuador
468
+15
🇦🇷 Byzantines · Argentina
453
-15
svallejos050
13:52 Feudal Age
16:14 Double-Bit Axe
17:27 Stone Mining
18:46 Horse Collar
21:46 Forging
21:27 Fletching
21:40 Scale Mail Armor
21:41 Padded Archer Armor
21:54 Scale Barding Armor
24:27 Castle Age
22:38 Arson
26:31 Bow Saw
33:55 Imperial Age
33:24 Bodkin Arrow
34:56 Iron Casting
34:36 Chain Mail Armor
38:14 Chemistry
37:01 Elite Skirmisher
37:47 Thumb Ring
37:06 Elite Varangian Guard
37:47 Squires
37:38 Gambesons
39:39 Chain Barding Armor
39:21 Bracer
41:47 Ballistics
41:08 Treadmill Crane
43:18 Gold Mining
44:04 Stone Shaft Mining
44:05 Plate Mail Armor
43:50 Leather Archer Armor
43:04 Light Cavalry
48:16 Logistica
48:35 Husbandry
51:39 Elite Cataphract
52:18 Pikeman
sebase76
1:43 Loom
11:08 Feudal Age
12:59 Double-Bit Axe
21:00 Castle Age
22:51 Stone Mining
22:45 Horse Collar
23:35 Forging
23:40 Bow Saw
23:58 Squires
25:04 Wheelbarrow
24:14 Town Watch
35:38 Imperial Age
33:32 Hand Cart
34:13 Scale Mail Armor
34:48 Iron Casting
35:17 Anarchy
37:00 Elite Huskarl
37:24 Light Cavalry
40:03 Heavy Plow
41:11 Two-Man Saw
40:36 Perfusion
40:57 Conscription
41:05 Ballistics
41:45 Chemistry
40:41 Murder Holes
40:57 Masonry
40:11 Heavy Scorpion
41:26 Husbandry
41:40 Bloodlines
43:10 Blast Furnace
42:00 Fletching
42:11 Padded Archer Armor
42:27 Chain Mail Armor
41:42 Pikeman
42:56 Hussar
44:23 Crop Rotation
45:29 Town Patrol
45:43 Scale Barding Armor
46:11 Architecture
45:57 Elite Skirmisher
46:02 Halberdier
66:33 Man-at-Arms
79:17 Leather Archer Armor
78:57 Bodkin Arrow
79:23 Chain Barding Armor
Connection lost

Rejoining the realm…

Still unreachable

The connection could not be restored.

Session expired

The server has moved on; the page needs a fresh start.